 Dungeon Crawl Stone Soup version 0.32-a0-329-ge6c31236d6 (webtiles) character file.

Game seed: 1159009951593147977

62377 zeratav the Metamorph (level 15, -3/108 HPs)
             Began as an Octopode Shapeshifter on Feb 16, 2024.
             Was an Initiate of Gozag.
             Killed from afar by a deep elf knight (12 damage)
             ... with a shard of ice
             ... on level 1 of the Elven Halls.
             The game lasted 01:00:07 (20880 turns).

zeratav the Metamorph (Octopode Shapeshifter)      Turns: 20880, Time: 01:00:07

Health: -3/108     AC:  7    Str: 25    XL:     15   Next: 6%
Magic:  0/15       EV: 24    Int: 21    God:    Gozag
Gold:   781        SH:  0    Dex: 15    Spells: 14/14 levels left

rFire   + +          .
                       - Unarmed
rCold   + + +        (shield currently unavailable)
rNeg    + + +        N - +2 hat
rPois   +            l - amulet of the Suburbs {Spirit rF++ Regen+}
rElec   +            d - ring "Usolof" {rC+ rN+ AC+4}
rCorr   .            s - +4 ring of slaying
SInv    .            G - +6 ring of strength
Will    +++..        U - ring of Zezameni {Wiz ^Drain rC+++ rN+ Will+}
Stlth   +++++        A - ring "Huiz Zoushi" {rElec rPois Int+4 Dex+3}
HPRegen 1.18/turn    L - +6 ring of dexterity
MPRegen 0.14/turn    k - ring "Isic Ide" {rC+ rN+++ Int+4 Dex-5 Stlth+}
                     F - ring "Jyseut" {+Blink rElec EV+5 Str-2}

%: guardian spirit, wizardry (x1)
@: blade tentacles
A: almost no armour, amphibious, 8 rings, camouflage 1, gelatinous body 1,
(nimble swimmer 1), tentacles, strong-willed 1, teleportitis 1, MP-powered wands
a: Begin Untransformation, Renounce Religion, Evoke Blink, Potion Petition, Call
Merchant, Bribe Branch


You were on level 1 of the Elven Halls.
You worshipped Gozag.
Gozag was pleased with you.
You had blades for main tentacles.
You visited 5 branches of the dungeon, and saw 19 of its levels.
You visited the Abyss 1 time.

You collected 5290 gold pieces.
You spent 3036 gold pieces at shops.
You paid 1473 gold pieces to Gozag.


Innate Abilities, Weirdness & Mutations

You have blades for main tentacles.
You are incapable of wielding weapons or throwing items.
You cannot wear most types of armour.
You are amphibious.
You can wear up to eight rings at the same time.
Your skin changes colour to match your surroundings (Stealth+).
Your rubbery body absorbs attacks. (AC +1, EV +1)
((You are camouflaged when in or above water. (Stealth+)))
You have tentacles for arms and can constrict up to eight enemies at once.
You are strong-willed. (Will+)
You are occasionally teleported next to monsters.
You expend magic power (3 MP) to strengthen your wands.


   Skills:
 - Level 12.0 Fighting
 + Level 11.3 Dodging
 - Level 7.0 Stealth
 - Level 10.0 Unarmed Combat
 - Level 8.0 Evocations
 - Level 15.4 Shapeshifting


You had 14 spell levels left.
You didn't know any spells.
Your spell library contained the following spells:

 Spells                   Type           Power      Damage    Failure   Level
 Foxfire                  Conj/Fire      0%         2x1d4     8%          1
 Magic Dart               Conj           0%         1d3       8%          1
 Slow                     Hex            0%         N/A       8%          1
 Sting                    Conj/Alch      0%         1d3       8%          1
 Blink                    Tloc           0%         N/A       11%         2
 Call Imp                 Summ           0%         N/A       11%         2
 Mercury Vapours          Alch/Air       0%         N/A       11%         2
 Confusing Touch          Hex            0%         N/A       21%         3
 Fugue of the Fallen      Necr           0%         N/A       21%         3
 Ozocubu's Armour         Ice            0%         N/A       21%         3
 Sigil of Binding         Hex            0%         N/A       21%         3
 Vampiric Draining        Necr           0%         2d6       21%         3
 Brom's Barrelling Bould  Conj/Erth      0%         2d3       54%         4
 Manifold Assault         Tloc           0%         N/A       54%         4
 Olgreb's Toxic Radiance  Alch           0%         N/A       54%         4
 Fireball                 Conj/Fire      0%         3d3       86%         5
 Irradiate                Conj/Alch      0%         3d11      86%         5
 Iskenderun's Battlesphe  Conj           0%         2d6       86%         5
 Conjure Ball Lightning   Conj/Air       0%         3x3d6     100%        6
 Plasma Beam              Fire/Air       0%         2x1d10    100%        6
 Sculpt Simulacrum        Ice/Alch       0%         N/A       100%        6
 Starburst                Conj/Fire      0%         6d3       100%        6
 Haunt                    Necr/Summ      0%         N/A       100%        7
 Orb of Destruction       Conj           0%         9d5       100%        7
 Borgnjor's Revivificati  Necr           0%         N/A       100%        8
 Death's Door             Necr           0%         N/A       100%        9

Inventory:

Missiles
 i - 5 atropa-tipped darts {throwing}
 u - 9 throwing nets {=fthrowing}
 v - 7 poisoned darts {throwing}
Armour
 N - a +2 hat (worn)
   (You found it on level 1 of the Orcish Mines)
 O - the +2 buckler of Polish {rCorr Dex+3}
   (You bought it in a shop on level 2 of the Orcish Mines)

   Dex+3:     It affects your dexterity (+3).
   rCorr:     It protects you from acid and corrosion.
 S - a +0 kite shield
   (You took it off an orc warlord on level 2 of the Orcish Mines)
Jewellery
 d - the ring "Usolof" (left blade tentacle) {rC+ rN+ AC+4}
   (You acquired it on level 9 of the Dungeon)

   [ring of protection]

   AC+4:      It affects your AC (+4).
   rC+:       It protects you from cold.
   rN+:       It protects you from negative energy.
 f - an amulet of magic regeneration
   (You found it on level 10 of the Dungeon)
 k - the ring "Isic Ide" (on tentacle) {rC+ rN+++ Int+4 Dex-5 Stlth+}
   (You found it on level 3 of the Dungeon)

   [ring of protection from cold]

   Int+4:     It affects your intelligence (+4).
   Dex-5:     It affects your dexterity (-5).
   rC+:       It protects you from cold.
   rN+++:     It renders you almost immune to negative energy.
   Stlth+:    It makes you more stealthy.
 l - the amulet of the Suburbs (around mantle) {Spirit rF++ Regen+}
   (You found it on level 3 of the Dungeon)

   [amulet of guardian spirit]

   Spirit:    It causes incoming damage to be divided between your reserves of
   health and magic.
   rF++:      It greatly protects you from fire.
   Regen+:    It increases your rate of health regeneration.
 m - a ring of ice
   (You took it off Fannar on level 3 of the Lair of Beasts)
 s - a +4 ring of slaying (right blade tentacle)
   (You found it on level 10 of the Dungeon)
 y - a ring of poison resistance
   (You found it on level 1 of the Lair of Beasts)
 A - the ring "Huiz Zoushi" (on tentacle) {rElec rPois Int+4 Dex+3}
   (You bought it in a shop on level 2 of the Lair of Beasts)

   [ring of poison resistance]

   Int+4:     It affects your intelligence (+4).
   Dex+3:     It affects your dexterity (+3).
   rElec:     It insulates you from electricity.
   rPois:     It protects you from poison
 B - a ring of resist corrosion
   (You found it on level 1 of the Lair of Beasts)
 E - the ring "Umnung" {rPois rF+ rC+ Str-4}
   (You bought it in a shop on level 2 of the Lair of Beasts)

   [ring of protection from fire]

   Str-4:     It affects your strength (-4).
   rF+:       It protects you from fire.
   rC+:       It protects you from cold.
   rPois:     It protects you from poison
 F - the ring "Jyseut" (on tentacle) {+Blink rElec EV+5 Str-2}
   (You bought it in a shop on level 4 of the Lair of Beasts)

   [ring of evasion]

   EV+5:      It affects your evasion (+5).
   Str-2:     It affects your strength (-2).
   rElec:     It insulates you from electricity.
   +Blink:    It lets you blink.
 G - a +6 ring of strength (on tentacle)
   (You found it on level 2 of the Lair of Beasts)
 L - a +6 ring of dexterity (on tentacle)
   (You found it on level 3 of the Lair of Beasts)
 U - the ring of Zezameni (on tentacle) {Wiz ^Drain rC+++ rN+ Will+}
   (You bought it in a shop on level 2 of the Orcish Mines)

   [ring of wizardry]

   Wiz:       It improves your spell success rate.
   rC+++:     It renders you almost immune to cold.
   rN+:       It protects you from negative energy.
   Will+:     It increases your willpower.
   ^Drain:    It drains your maximum health when unequipped.
Talismans
 b - a beast talisman
 c - a flux talisman
 x - a maw talisman
   (You found it on level 6 of the Dungeon)
 V - a blade talisman (active)
   (You bought it in a shop on level 2 of the Orcish Mines)
Wands
 r - a wand of flame (31) (quivered)
   (You found it on level 4 of the Dungeon)
 H - a wand of charming (14)
   (You found it on level 3 of the Lair of Beasts)
Scrolls
 e - 4 scrolls of vulnerability {!r!r}
 g - 3 scrolls of immolation {!r!r}
 j - 2 scrolls of noise {!r}
 n - 4 scrolls of poison {!r}
 q - 3 scrolls of revelation
 t - a scroll of enchant weapon
 w - a scroll of silence {!r}
 C - 2 scrolls of amnesia
 J - a scroll of enchant armour
 K - a scroll of teleportation {@r4}
 M - a scroll of torment {!r}
Potions
 a - 2 potions of lignification {!q}
 h - 2 potions of attraction {!q}
 p - 4 potions of brilliance
 z - 4 potions of might
 D - a potion of berserk rage {!q}
 I - a potion of resistance
 R - a potion of enlightenment
 T - a potion of curing {@q1}
Miscellaneous
 P - a tin of tremorstones (2/2) {throwing}
   (You found it on level 6 of the Dungeon)

Dungeon Overview and Level Annotations

Branches:
Dungeon (11/15) Zot: 24435  Temple (1/1) D:7 Zot: 5981    Lair (4/5) D:8 Zot: 19224
 Shoals (0/4) Lair:3        Snake (0/4) Lair:3        Slime (0/5) Lair:4
    Orc (2/2) D:11 Zot: 9511     Elf (1/3) Orc:2 Zot: 5443

Altars:
Ashenzari
Cheibriados
Dithmenos
Elyvilon
Fedhas
Gozag
Hepliaklqana
Kikubaaqudgha
Makhleb
Nemelex Xobeh
Okawaru
Qazlal
Ru
Sif Muna
Trog
Uskayaw
Vehumet
Wu Jian
Xom
Yredelemnul
Zin
The Shining One
Beogh
Jiyva

Shops:
D:6 (   D:8 *   D:11 [   Orc:2 =([:[   Lair:2 *   Lair:4 =

Annotations:
D:5 exclusion: downstairs
D:6 exclusion: downstairs
D:8 2 transporters
Lair:1 3 runed translucent doors, exclusion: 3 doors, Kedox's ghost, journeyman DrCA; Zaaff's ghost, journeyman FeSh
Lair:2 2 transporters
Orc:2 3 runed translucent doors, exclusion: 3 doors, DimondSprtn's ghost, journeyman FoFi
Elf:1 3 runed translucent doors

#. ... #.# ... ...
.....)..# ##e###### #..
#.# .......# #..{....##
#''######.#
.......'.....e....#
.......##.##
.....####.######.#
.......'...# .... #.# #.#
.).....'...# #§§# #.# #.#
......###..#####§§#
#.######'# ####.##
##......@§######.#.......
...#.#
########{§§.....#.e.....
...#.# #§#####..'....>..
...'.# #§#####..'.......
...### #§§..{...#.......
...# #........##.....#
#### #.)####..###...##
#..# #..####''#
###########
#..####........#


There were no monsters in sight!


Message History

The deep elf archer wields a +0 longbow.
The deep elf archer shoots an arrow.
The arrow closely misses you. The +2 heavy dire flail hits you!!!
You hear a shout!
HP[-34] MP[-5]
You take 34 damage, and now have 74/108 hp.
MASSIVE DAMAGE!! (PAUSE)
You lost 5 mp, and now have 10/15 mp.
You slice the +2 heavy dire flail!!
Your grab misses the +2 heavy dire flail.
Your squeeze misses the +2 heavy dire flail.
You hear a shout!
The deep elf knight casts a spell.
The deep elf knight flickers and vanishes!
Deactivating autopickup; reactivate with Ctrl-A.
The +2 heavy dire flail hits you!!
* * * LOW HITPOINT WARNING * * *
HP[-21] MP[-3]
You take 21 damage, and now have 53/108 hp.
You lost 3 mp, and now have 7/15 mp.
You barely miss the +2 heavy dire flail.
You grab the +2 heavy dire flail. You slash the +2 heavy dire flail.
The +2 heavy dire flail turns to gold and falls from the air.
You hear some strange, mumbled words.
A shard of ice appears from out of thin air!
The shard of ice hits you!! You partially resist.
* * * LOW HITPOINT WARNING * * *
HP[-21] MP[-3]
You take 21 damage, and now have 32/108 hp.
You lost 3 mp, and now have 4/15 mp.
HP[+1] HP[+1]
You hear some strange, mumbled words.
A shard of ice appears from out of thin air!
The shard of ice misses you.
HP[+1] HP[+1] HP[+2]
You regained 2 hp, and now have 38/108 hp.
HP[+1] MP[+1]
The deep elf archer shoots an arrow.
You hear a shout!
HP[+1] HP[+1] HP[+1]
There is an open door here.
HP[+1] HP[+2]
You regained 2 hp, and now have 45/108 hp.
HP[+1] HP[+1] MP[+1] HP[+1] HP[+1]
You open the large door.
HP[+2]
You regained 2 hp, and now have 51/108 hp.
You hear some strange, mumbled words.
A lance of force appears from out of thin air!
The lance of force hits you!!
* * * LOW HITPOINT WARNING * * *
You are knocked back by the lance of force.
You slam into the rock wall!
* * * LOW HITPOINT WARNING * * *
HP[-24] MP[-3]
You take 24 damage, and now have 27/108 hp.
MASSIVE DAMAGE!! (PAUSE)
You lost 3 mp, and now have 3/15 mp.
You hear some strange, mumbled words.
HP[+1] HP[+1] HP[+1] MP[+1]
You hear some strange, mumbled words.
A shard of ice appears from out of thin air!
The shard of ice hits you! You partially resist.
* * * LOW HITPOINT WARNING * * *
HP[-5] MP[-1]
You take 5 damage, and now have 25/108 hp.
You lost 1 mp, and now have 3/15 mp.
HP[+2]
You regained 2 hp, and now have 27/108 hp.
You hear some strange, mumbled words.
A shard of ice appears from out of thin air!
The shard of ice hits you!! You partially resist.
* * * LOW HITPOINT WARNING * * *
HP[-23] MP[-2]
You take 23 damage, and now have 4/108 hp.
MASSIVE DAMAGE!! (PAUSE)
You lost 2 mp, and now have 1/15 mp.
HP[+1]
As you read the scroll of fog, it dissolves into smoke.
HP[+1] HP[+1] HP[+2] MP[+1]
You regained 2 hp, and now have 9/108 hp.
You completely miss something. You squeeze something!
You hear some strange, mumbled words.
A shard of ice appears from out of thin air!
The shard of ice hits you! You partially resist.
You die...
Your body crumbles into a pile of gold.

Skill      XL: |  1  2  3  4  5  6  7  8  9 10 11 12 13 14 15 |
---------------+----------------------------------------------+-----
Fighting       | 2 3 4 5 8 11 12 | 12.0
Shapeshifting  | 4 5 7 9 10 14 15 | 15.4
Dodging        | 8 10 11 | 11.3
Unarmed Combat | 4 6 10 | 10.0
Stealth        | 5 7 |  7.0
Evocations     | 8 |  8.0

Action                     |  1- 3 |  4- 6 |  7- 9 | 10-12 | 13-15 || total
---------------------------+-------+-------+-------+-------+-------++-------
  Melee: Unarmed           |    57 |   149 |   223 |   624 |   671 ||  1724
         Constrict         |    11 |    34 |    52 |   122 |   147 ||   366
         Tentacles         |    10 |    27 |    60 |   215 |   224 ||   536
         Punch             |     1 |     2 |     1 |       |     9 ||    13
  Throw: Dart              |       |     2 |       |       |       ||     2
         Throwing net      |       |       |     1 |       |       ||     1
 Invoke: Call Merchant     |       |       |       |     1 |     1 ||     2
  Evoke: Wand              |       |       |       |       |     2 ||     2
    Use: Scroll            |       |       |    15 |     9 |     4 ||    28
         Potion            |       |       |     5 |     9 |     3 ||    17
   Stab: Sleeping          |     8 |    12 |     4 |     5 |    14 ||    43
         Distracted        |       |       |     1 |     4 |     3 ||     8
 Armour: Skin              |    17 |    57 |   103 |   297 |   270 ||   744
  Dodge: Dodged            |    34 |    84 |   184 |   519 |   566 ||  1387
   Form: Flux              |       |       |     2 |       |     1 ||     3
                           |       |       |     1 |       |       ||     1
         Maw               |       |       |       |       |     1 ||     1
         Blade             |       |       |       |       |     1 ||     1

Levels and vault maps discovered:
D:1:      elethiomel_arrival_infinity_welcomes_careful_drivers,
          layout_loops_ring, nrook_campfire
D:2:      layout_loops_ring, nicolae_concentric_dashed_squares_mild,
          nicolae_twisty_statue_hallways
D:3:      minmay_roachtagon, layout_basic, kennysheep_crisscross, uniq_jessica
D:4:      layout_loops_ring, mainiacjoe_overflow_alcove_1,
          kennysheep_flooded_box, uniq_grinder
D:5:      layout_basic, sigmund_edmund_badplayer
D:6:      kennysheep_windowed_halls, layout_basic, grunt_temple_overflow_open,
          nicolae_uskayaw_murder_on_the_dancefloor,
          nicolae_hepliaklqana_hippocampus, serial_shops,
          nicolae_shop_behind_doors, minmay_between, uniq_sigmund, uniq_menkaure
D:7:      layout_rooms, minmay_temple_entry_statues_pillars
D:8:      layout_basic, dpeg_oklobed_lair, serial_shops, nicolae_shop_drivethru,
          wad_floor_pattern_2
D:9:      layout_gridville, tso_oasis_becter
D:10:     layout_cave_pods, uniq_gastronok
D:11:     layout_grid_maze, david_orc_2, serial_shops,
          nicolae_shop_tiny_real_fake_doors
Temple:   nicolae_temple_bog_church
Lair:1:   layout_regular_city, gammafunk_ghost_cemetery,
          nzn_masters_of_martial_movement, infiniplex_staircase_pool_2,
          uniq_nergalle
Lair:2:   gammafunk_boulding_lane, layout_chaotic_city,
          minmay_stone_trees_small, grunt_megastairs_4
Lair:3:   layout_cave_pods, elwin_shoals_entry_stream,
          minmay_snake_entry_guardpost_medium, beast_lair_carwin_9, uniq_fannar
Lair:4:   layout_cave_pods, slime_entry_1, infiniplex_staircase_pool
Orc:1:    layout_caves, special_room [special_room_orc], hangedman_minor_magic
Orc:2:    grunt_orc_community_town_hall, layout_diamond_mine,
          grunt_orc_community_big_house_1, grunt_orc_community_big_house_1,
          grunt_orc_community_house_3, grunt_orc_community_house_2,
          grunt_orc_community_house_2, grunt_orc_community_house_3,
          grunt_orc_community_house_2, gammafunk_ghost_split, serial_shops,
          nicolae_diamond_shop, hellmonk_talismancer, uniq_josephine
Elf:1:    nicolae_elf_arrival_dilemma, layout_gridlike,
          nicolae_elf_shapeshifter_party

Notes
Turn   | Place    | Note
-------+----------+-------------------------------------------
     0 | D:1      | zeratav the Octopode Shapeshifter began the quest for the
                  | Orb.
     0 | D:1      | Reached XP level 1. HP: 13/13 MP: 1/1
     0 | D:1      | magus.rc [v1.9.6]
    41 | D:1      | Reached skill level 2 in Fighting
    41 | D:1      | Reached XP level 2. HP: 19/19 MP: 2/2
   289 | D:1      | Reached XP level 3. HP: 22/25 MP: 3/3
   316 | D:1      | Reached skill level 3 in Fighting
   501 | D:1      | Reached XP level 4. HP: 33/33 MP: 4/4
   504 | D:1      | You fall into a shaft and drop 1 floor!
   701 | D:2      | Reached skill level 4 in Fighting
  1491 | D:2      | Reached XP level 5. HP: 33/38 MP: 5/5
  1872 | D:3      | Reached skill level 5 in Fighting
  1907 | D:3      | You pick up a book of the Spheres and begin reading...
  1907 | D:3      | You add the spells Brom's Barrelling Boulder, Iskenderun's
                  | Battlesphere, Fireball, Conjure Ball Lightning and Orb of
                  | Destruction to your library.
  1909 | D:3      | You pick up a book of Debilitation and begin reading...
  1909 | D:3      | You add the spells Slow, Sigil of Binding, Vampiric
                  | Draining and Confusing Touch to your library.
  1912 | D:3      | Identified the ring "Isic Ide" {rC+ rN+++ Int+4 Dex-5
                  | Stlth+}
  1934 | D:3      | Identified the amulet of the Suburbs {Spirit rF++ Regen+}
  2058 | D:3      | Noticed Jessica
  2068 | D:3      | Killed Jessica
  2567 | D:4      | Reached skill level 4 in Shapeshifting
  2567 | D:4      | Reached XP level 6. HP: 26/45 MP: 3/6
  2953 | D:4      | Reached skill level 5 in Shapeshifting
  3027 | D:4      | Reached XP level 7. HP: 38/50 MP: 7/7
  3144 | D:4      | Noticed Grinder
  3165 | D:4      | Killed Grinder
  3166 | D:4      | Reached skill level 6 in Shapeshifting
  3315 | D:4      | Found an ornate altar of the Wu Jian Council.
  3434 | D:5      | Entered Level 5 of the Dungeon
  3527 | D:5      | Reached skill level 7 in Shapeshifting
  3550 | D:5      | Reached XP level 8. HP: 37/55 MP: 6/8
  3625 | D:5      | Noticed Sigmund
  3634 | D:5      | Killed Sigmund
  3635 | D:5      | Reached skill level 8 in Shapeshifting
  3683 | D:5      | Noticed Edmund
  3695 | D:5      | Killed Edmund
  3983 | D:5      | Reached skill level 9 in Shapeshifting
  4281 | D:6      | Noticed a hornet
  4281 | D:6      | Found a shimmering altar of Xom.
  4281 | D:6      | Found an ancient bone altar of Kikubaaqudgha.
  4281 | D:6      | Found a stormy altar of Qazlal.
  4281 | D:6      | Found a snail-covered altar of Cheibriados.
  4281 | D:6      | Found a basalt altar of Yredelemnul.
  4418 | D:6      | Found a hide-covered altar of Uskayaw.
  4444 | D:6      | Reached XP level 9. HP: 60/61 MP: 9/9
  4498 | D:6      | Reached skill level 10 in Shapeshifting
  4732 | D:6      | Noticed Menkaure
  4740 | D:6      | Killed Menkaure
  4741 | D:6      | Reached skill level 3 in Dodging
  4889 | D:6      | Found Elottiph's Antique Weapon Boutique.
  4924 | D:6      | Reached skill level 4 in Dodging
  5069 | D:6      | Reached skill level 5 in Dodging
  5107 | D:6      | Noticed a cyclops
  5108 | D:6      | Noticed a manticore
  5264 | D:7      | Noticed a two-headed ogre
  5409 | D:7      | HP: 2/61 [ogre/+0 giant club (17)]
  5412 | D:7      | Killed a two-headed ogre
  5413 | D:7      | Reached skill level 7 in Dodging
  5420 | D:7      | HP: 1/61 [centaur/arrow (8)]
  5740 | D:6      | Killed a cyclops
  5741 | D:6      | Reached skill level 8 in Dodging
  5741 | D:6      | Reached skill level 4 in Unarmed Combat
  5741 | D:6      | Reached XP level 10. HP: 57/66 MP: 8/10
  5941 | D:7      | Reached skill level 5 in Unarmed Combat
  5996 | D:7      | Found a staircase to the Ecumenical Temple.
  6005 | Temple   | Entered the Ecumenical Temple
  6014 | Temple   | Became a worshipper of Gozag Ym Sagoz the Greedy
  6396 | D:8      | Found a staircase to the Lair.
  6478 | D:8      | Found a transporter.
  6482 | D:8      | Found Luogh's Assorted Antiques.
  6484 | D:8      | Found a transporter.
  6517 | D:8      | HP: 6/60 [centaur/arrow (13)]
  6742 | D:8      | Reached skill level 6 in Unarmed Combat
  7082 | D:8      | HP: 8/62 [wight/+0 flail (12)]
  7271 | D:8      | Reached skill level 6 in Fighting
  7585 | D:9      | Reached skill level 7 in Fighting
  7800 | D:9      | Reached skill level 8 in Fighting
  7800 | D:9      | Reached skill level 1 in Stealth
  7871 | D:9      | You pick up a book of Fire and begin reading...
  7871 | D:9      | You add the spells Foxfire, Plasma Beam and Starburst to
                  | your library.
  7892 | D:9      | Reached skill level 2 in Stealth
  7898 | D:9      | Reached skill level 3 in Stealth
  7958 | D:9      | Reached skill level 4 in Stealth
  8048 | D:9      | Reached skill level 5 in Stealth
  8048 | D:9      | Reached XP level 11. HP: 77/77 MP: 11/11
  8059 | D:9      | Reached skill level 6 in Stealth
  8066 | D:9      | Reached skill level 7 in Stealth
  8478 | D:9      | Reached skill level 7 in Unarmed Combat
  8618 | D:9      | Found a glowing golden altar of the Shining One.
  8985 | D:9      | Identified a scroll of acquirement
  8985 | D:9      | Acquired the ring "Usolof" {rC+ rN+ AC+4}
  9135 | D:10     | Entered Level 10 of the Dungeon
  9357 | D:10     | Reached skill level 8 in Unarmed Combat
  9504 | D:10     | Noticed Gastronok
 10154 | Lair:1   | Entered Level 1 of the Lair of Beasts
 10254 | Lair:1   | Found a runed translucent gate.
 10255 | Lair:1   | Found a runed translucent gate.
 10256 | Lair:1   | Found a runed translucent gate.
 10337 | Lair:1   | Noticed a boulder beetle
 10339 | Lair:1   | Found an ornate altar of the Wu Jian Council.
 10503 | Lair:1   | Killed a boulder beetle
 10504 | Lair:1   | Reached skill level 9 in Unarmed Combat
 10559 | Lair:1   | Found a hide-covered altar of Uskayaw.
 10780 | Lair:1   | Noticed Nergalle
 10825 | Lair:1   | Reached skill level 10 in Unarmed Combat
 10833 | Lair:1   | Killed Nergalle
 11093 | Lair:1   | Reached XP level 12. HP: 41/82 MP: 5/12
 11206 | Lair:1   | Reached skill level 11 in Shapeshifting
 11244 | Lair:1   | Noticed Kedox's ghost (journeyman DrCA)
 11244 | Lair:1   | Noticed Zaaff's ghost (journeyman FeSh)
 11304 | Lair:2   | Noticed a skyshark
 11316 | Lair:2   | HP: 18/82 [skyshark (4)]
 11321 | Lair:2   | HP: 5/82 [skyshark (5)]
 11322 | Lair:2   | Killed a skyshark
 11591 | Lair:2   | Found a transporter.
 11591 | Lair:2   | Noticed a boulder beetle
 11595 | Lair:2   | Reached skill level 12 in Shapeshifting
 11602 | Lair:2   | Found a transporter.
 11685 | Lair:2   | Bought a glittering lead ring for 145 gold pieces
 11685 | Lair:2   | Identified the ring "Huiz Zoushi" {rElec rPois Int+4 Dex+3}
                  | (You bought it in a shop on level 2 of the Lair of Beasts)
 11685 | Lair:2   | Bought a vibrating steel ring for 145 gold pieces
 11685 | Lair:2   | Identified the ring "Umnung" {rPois rF+ rC+ Str-4} (You
                  | bought it in a shop on level 2 of the Lair of Beasts)
 11717 | Lair:2   | You add the spells Haunt, Borgnjor's Revivification and
                  | Death's Door to your library.
 12151 | Lair:2   | Noticed a skyshark
 12167 | Lair:2   | Killed a skyshark
 12168 | Lair:2   | Reached skill level 13 in Shapeshifting
 12557 | Lair:3   | Identified the +5 trident of Cuosowit {antimagic, rC+
                  | Str+3}
 12889 | Lair:3   | Noticed Fannar
 12896 | Lair:3   | Killed Fannar
 12907 | Lair:3   | You add the spells Sting, Mercury Vapours and Olgreb's
                  | Toxic Radiance to your library.
 13024 | Lair:3   | Found a staircase to the Shoals.
 13033 | Lair:3   | HP: 19/82 [merfolk siren/+0 spear (8)]
 13036 | Lair:3   | HP: 3/82 [merfolk/+0 trident (15)]
 13159 | Lair:3   | Found a staircase to the Snake Pit.
 13239 | Lair:3   | Reached skill level 14 in Shapeshifting
 13252 | Lair:3   | Reached XP level 13. HP: 77/88 MP: 9/13
 14002 | Lair:4   | Found a viscous altar of Jiyva.
 14003 | Lair:4   | Found a staircase to the Slime Pits.
 14012 | Lair:4   | Reached skill level 9 in Fighting
 14012 | Lair:4   | Reached skill level 9 in Dodging
 14347 | Lair:4   | Bought the ring "Jyseut" {+Blink rElec EV+5 Str-2} for 739
                  | gold pieces
 15079 | D:11     | Reached skill level 10 in Fighting
 15098 | D:11     | Reached skill level 10 in Dodging
 15317 | D:11     | Found Ynkooryj's Armour Emporium.
 15328 | D:11     | Found a staircase to the Orcish Mines.
 15706 | D:11     | You pick up a book of Battle and begin reading...
 15706 | D:11     | You add the spells Fugue of the Fallen, Ozocubu's Armour
                  | and Manifold Assault to your library.
 15880 | D:10     | Killed Gastronok
 16089 | D:6      | Reached skill level 11 in Fighting
 16377 | D:6      | Found a broken altar of Ashenzari.
 16409 | D:6      | Found a hazy altar of Hepliaklqana.
 16430 | D:6      | Found a radiant altar of Vehumet.
 16799 | Orc:1    | Entered Level 1 of the Orcish Mines
 16819 | Orc:1    | Found a roughly hewn altar of Beogh.
 16962 | D:11     | HP: 11/95 [orc warrior/+0 broad axe (27)]
 16964 | D:11     | HP: 2/95 [orc warrior/+0 broad axe (11)]
 17221 | D:11     | Reached XP level 14. HP: 76/102 MP: 10/14
 17224 | D:11     | Reached skill level 12 in Fighting
 17266 | Orc:1    | Reached skill level 1 in Evocations
 17267 | Orc:1    | HP: 25/103 [orc warrior/boomerang (3)]
 17359 | D:11     | Reached skill level 2 in Evocations
 17420 | Orc:1    | Reached skill level 3 in Evocations
 17536 | Orc:1    | Reached skill level 4 in Evocations
 17704 | Orc:1    | Reached skill level 5 in Evocations
 17768 | Orc:1    | You are cast into the Abyss!
 17768 | Abyss:2  | Cast into level 2 of the Abyss (orc wizard)
 17841 | Abyss:2  | Noticed a deep elf demonologist
 17848 | Abyss:2  | Gained mutation: You occasionally lose the ability to read
                  | scrolls when taking damage. [a neqoxec]
 17862 | Orc:1    | You pass through the gate.
 17862 | Orc:1    | Escaped the Abyss
 18169 | Orc:1    | You pick up a book of Minor Magic and begin reading...
 18169 | Orc:1    | You add the spells Magic Dart, Blink and Call Imp to your
                  | library.
 18171 | Orc:1    | You pick up a book of Minor Magic and begin reading...
 18212 | Orc:2    | Entered Level 2 of the Orcish Mines
 18305 | Orc:1    | Reached skill level 6 in Evocations
 18402 | Orc:2    | Found a runed translucent gate.
 18404 | Orc:2    | Found a runed translucent gate.
 18405 | Orc:2    | Found a runed translucent gate.
 18406 | Orc:2    | Noticed DimondSprtn's ghost (journeyman FoFi)
 18481 | Orc:2    | Reached skill level 7 in Evocations
 18495 | Orc:2    | Found a roughly hewn altar of Beogh.
 18496 | Orc:2    | Found Keseivuu's Jewellery Shoppe.
 18533 | Orc:2    | Bought the ring of Zezameni {Wiz ^Drain rC+++ rN+ Will+}
                  | for 1066 gold pieces
 18533 | Orc:2    | Bought a blade talisman for 420 gold pieces
 18586 | Orc:2    | Found a roughly hewn altar of Beogh.
 18670 | Orc:2    | Noticed an orc warlord
 18674 | Orc:2    | Noticed Josephine
 18714 | Orc:2    | Killed Josephine
 18946 | Lair:2   | Bought a scroll of teleportation for 87 gold pieces
 19207 | Orc:2    | Killed an orc warlord
 19213 | Orc:2    | Reached skill level 8 in Evocations
 19333 | Orc:2    | Found Voups's Antique Weapon Emporium.
 19334 | Orc:2    | Found a roughly hewn altar of Beogh.
 19337 | Orc:2    | Found Gosayg's Antique Armour Shoppe.
 19578 | Orc:2    | Found Kuimm's Book Boutique.
 19721 | Orc:2    | Found a roughly hewn altar of Beogh.
 19722 | Orc:2    | Found Vizun's Armour Emporium.
 19790 | Orc:2    | Bought the +2 buckler of Polish {rCorr Dex+3} for 434 gold
                  | pieces
 19828 | Orc:2    | Reached skill level 15 in Shapeshifting
 19910 | Orc:2    | Found a staircase to the Elven Halls.
 19936 | Orc:2    | Found a roughly hewn altar of Beogh.
 20317 | Elf:1    | Entered Level 1 of the Elven Halls
 20317 | Elf:1    | Noticed a deep elf annihilator
 20317 | Elf:1    | Noticed a deep elf annihilator
 20317 | Elf:1    | Found a runed translucent gate.
 20317 | Elf:1    | Found a runed translucent gate.
 20317 | Elf:1    | Found a runed translucent gate.
 20317 | Elf:1    | Found a runed translucent gate.
 20317 | Elf:1    | Found a runed translucent gate.
 20317 | Elf:1    | Found a runed translucent gate.
 20318 | Elf:1    | Found a runed translucent door.
 20581 | Elf:1    | Lost mutation: You occasionally lose the ability to read
                  | scrolls when taking damage. [potion of mutation]
 20581 | Elf:1    | Gained mutation: You are occasionally teleported next to
                  | monsters. [potion of mutation]
 20581 | Elf:1    | Gained mutation: You are strong-willed. (Will+) [potion of
                  | mutation]
 20581 | Elf:1    | Gained mutation: You expend magic power (3 MP) to
                  | strengthen your wands. [potion of mutation]
 20670 | Elf:1    | Reached XP level 15. HP: 106/108 MP: 13/15
 20679 | Elf:1    | You add the spells Irradiate and Sculpt Simulacrum to your
                  | library.
 20679 | Elf:1    | Got the Compendium of Congelation
 20825 | Elf:1    | Reached skill level 11 in Dodging
 20869 | Elf:1    | HP: 27/108 [something (9)]
 20875 | Elf:1    | HP: 4/108 [something/shard of ice (24)]
 20880 | Elf:1    | Killed from afar by a deep elf knight

Vanquished Creatures
  Gastronok (D:10)
  An orc warlord (Orc:2)
  Josephine (Orc:2)
  Fannar (Lair:3)
  3 dancing weapons
  A boulder beetle (Lair:1)
  A centaur warrior (D:11)
  A two-headed ogre (shapeshifter) (Elf:1)
  3 orc high priests (Orc:2)
  Nergalle (Lair:1)
  2 skysharks (Lair:2)
  A skyshark (shapeshifter) (Elf:1)
  7 orc knights
  5 deep elf zephyrmancers
  7 deep elf pyromancers
  2 orc sorcerers (Orc:2)
  An ugly thing (D:11)
  2 cyclopes
  A manticore (D:6)
  A merfolk siren (Lair:3)
  16 elephants (Lair:4)
  12 kobold blastminers
  12 cane toads
  An unseen horror (D:11)
  3 rime drakes
  4 komodo dragons
  A yaktaur (shapeshifter) (Elf:1)
  2 polar bears
  6 trolls
  Grinder (D:4)
  3 merfolk (Lair:3)
  2 hornets
  12 blink frogs
  A raiju (shapeshifter) (Elf:1)
  2 shadows
  Sigmund (D:5)
  A vampire (D:11)
  An air elemental (Elf:1)
  24 yaks
  5 wraiths
  5 wyverns
  A fire bat (shapeshifter) (Elf:1)
  A steam dragon (D:8)
  3 vampire mosquitoes (D:11)
  Menkaure (D:6)
  4 nagas (Lair:3)
  Edmund (D:5)
  14 water moccasins
  A swamp drake (Orc:1)
  46 orc warriors
  3 black bears
  11 ogres
  7 wolves
  8 centaurs
  A kobold brigand (D:9)
  8 bullfrogs
  5 scorpions
  20 wights
  8 killer bees (D:9)
  4 howler monkeys
  An electric eel (Lair:4)
  A crimson imp (Orc:1)
  6 hounds
  3 jellies (D:6)
  2 gnoll boudas
  21 orc priests
  An iron imp (Orc:1)
  2 sleepcaps
  Jessica (D:3)
  6 iguanas
  20 orc wizards
  16 gnolls
  10 adders
  3 shadow imps
  6 white imps
  2 ufetubi
  A ribbon worm (D:2)
  2 dart slugs
  101 orcs
  5 endoplasms
  15 giant cockroaches
  7 goblins
  6 hobgoblins
  6 jackals
  11 kobolds
  4 quokkas
  7 ball pythons
  10 bats
  2 frilled lizards
  8 rats
591 creatures vanquished.

Vanquished Creatures (collateral kills)
  A two-headed ogre (D:7)
  An ogre (D:7)
2 creatures vanquished.

Vanquished Creatures (others)
  2 orcs (D:8)
2 creatures vanquished.

Grand Total: 595 creatures vanquished

Table legend:
 A = Non-vault XP
 B = Vault XP
 C = Vault XP percentage of total XP
 D = Non-vault monster count
 E = Vault monster count
 F = Vault count percentage of total count
                 A         B        C        D         E       F
            +---------+---------+-------+---------+---------+-------
      Total |   53180 |   35930 |  40.3 |     401 |     194 |  32.6
            +---------+---------+-------+---------+---------+-------
        D:1 |      99 |       0 |   0.0 |      34 |       0 |   0.0
        D:2 |      84 |       0 |   0.0 |      21 |       0 |   0.0
        D:3 |      45 |      65 |  59.1 |      11 |      10 |  47.6
        D:4 |     477 |     291 |  37.9 |      23 |       1 |   4.2
        D:5 |     699 |     383 |  35.4 |      21 |       2 |   8.7
        D:6 |    1237 |    2158 |  63.6 |      20 |      25 |  55.6
        D:7 |    1399 |       0 |   0.0 |      16 |       0 |   0.0
        D:8 |    1636 |       0 |   0.0 |      24 |       0 |   0.0
        D:9 |    4575 |       0 |   0.0 |      46 |       0 |   0.0
       D:10 |    1176 |    1571 |  57.2 |      13 |       1 |   7.1
       D:11 |    3890 |    3749 |  49.1 |      20 |      21 |  51.2
     Lair:1 |    4166 |    1602 |  27.8 |      19 |       2 |   9.5
     Lair:2 |    7460 |     915 |  10.9 |      27 |       2 |   6.9
     Lair:3 |    2282 |    3815 |  62.6 |      10 |      15 |  60.0
     Lair:4 |   11347 |       0 |   0.0 |      31 |       0 |   0.0
      Orc:1 |    2870 |    3630 |  55.8 |      26 |      31 |  54.4
      Orc:2 |    3948 |   13198 |  77.0 |      28 |      76 |  73.1
      Elf:1 |    5781 |    4553 |  44.1 |      10 |       8 |  44.4
    Abyss:2 |       9 |       0 |   0.0 |       1 |       0 |   0.0
            +---------+---------+-------+---------+---------+-------

Skill      XL: |  1  2  3  4  5  6  7  8  9 10 11 12 13 14 15 |
---------------+----------------------------------------------+-----
Fighting       | 2 3 4 5 8 11 12 | 12.0
Shapeshifting  | 4 5 7 9 10 14 15 | 15.4
Dodging        | 8 10 11 | 11.3
Unarmed Combat | 4 6 10 | 10.0
Stealth        | 5 7 |  7.0
Evocations     | 8 |  8.0

Action                     |  1- 3 |  4- 6 |  7- 9 | 10-12 | 13-15 || total
---------------------------+-------+-------+-------+-------+-------++-------
  Melee: Unarmed           |    57 |   149 |   223 |   624 |   671 ||  1724
         Constrict         |    11 |    34 |    52 |   122 |   147 ||   366
         Tentacles         |    10 |    27 |    60 |   215 |   224 ||   536
         Punch             |     1 |     2 |     1 |       |     9 ||    13
  Throw: Dart              |       |     2 |       |       |       ||     2
         Throwing net      |       |       |     1 |       |       ||     1
 Invoke: Call Merchant     |       |       |       |     1 |     1 ||     2
  Evoke: Wand              |       |       |       |       |     2 ||     2
    Use: Scroll            |       |       |    15 |     9 |     4 ||    28
         Potion            |       |       |     5 |     9 |     3 ||    17
   Stab: Sleeping          |     8 |    12 |     4 |     5 |    14 ||    43
         Distracted        |       |       |     1 |     4 |     3 ||     8
 Armour: Skin              |    17 |    57 |   103 |   297 |   270 ||   744
  Dodge: Dodged            |    34 |    84 |   184 |   519 |   566 ||  1387
   Form: Flux              |       |       |     2 |       |     1 ||     3
                           |       |       |     1 |       |       ||     1
         Maw               |       |       |       |       |     1 ||     1
         Blade             |       |       |       |       |     1 ||     1

Illustrated notes

Table legend:
 A = Kills in this place as a percentage of kills in the entire game.
 B = Kills by you in this place as a percentage of kills by you in the entire game.
 C = Kills by friends in this place as a percentage of kills by friends in the entire game.
 D = Other kills in this place as a percentage of other kills in the entire game.
 E = Experience gained in this place as a percentage of experience gained in the entire game.
 F = Experience gained in this place divided by the number of levels of this place that you have seen.
                   A       B       C       D       E      F
               +-------+-------+-------+-------+-------+----------------------
         Total | 100.0 | 100.0 | 100.0 | 100.0 | 100.0 | 4455.5
       Dungeon |  51.9 |  51.6 | 100.0 | 100.0 |  26.4 | 2139.5
          Lair |  17.8 |  17.9 |   0.0 |   0.0 |  35.4 | 7896.8
  Orcish Mines |  27.1 |  27.2 |   0.0 |   0.0 |  26.5 | 11823.0
   Elven Halls |   3.0 |   3.0 |   0.0 |   0.0 |  11.6 | 10334.0
         Abyss |   0.2 |   0.2 |   0.0 |   0.0 |   0.0 |   9.0
               +-------+-------+-------+-------+-------+----------------------

Table legend: (Time is in decaauts)
 A = Elapsed time spent in this place.
 B = Non-inter-level travel time spent in this place.
 C = Inter-level travel time spent in this place.
 D = Time resting spent in this place.
 E = Time spent auto-exploring this place.
 F = Levels seen in this place.
 G = Mean time per level.
                   A        B        C        D        E       F      G
               +--------+--------+--------+--------+--------+-----+--------+
         Total |  20624 |  18603 |   2021 |   2148 |  10747 |  20 | 1031.2 |
       Dungeon |  12693 |  11187 |   1506 |   1376 |   6924 |  11 | 1153.9 |
        Temple |     18 |      1 |     17 |      0 |      0 |   1 |   18.0 |
          Lair |   4775 |   4519 |    256 |    551 |   2636 |   4 | 1193.8 |
  Orcish Mines |   2487 |   2317 |    170 |     90 |   1180 |   2 | 1243.5 |
   Elven Halls |    555 |    485 |     70 |    122 |      7 |   1 |  555.0 |
         Abyss |     93 |     93 |      0 |      9 |      0 |   1 |   93.0 |
               +--------+--------+--------+--------+--------+-----+--------+

Top non-repeatable levels by time:
     D:6: 2086 daAuts
     D:9: 1814 daAuts
   Orc:2: 1583 daAuts
    D:11: 1403 daAuts
    D:10: 1247 daAuts
  Lair:3: 1218 daAuts
  Lair:4: 1214 daAuts
  Lair:2: 1188 daAuts
  Lair:1: 1153 daAuts
     D:8: 1128 daAuts
   Orc:1: 904 daAuts
     D:4: 885 daAuts
     D:5: 873 daAuts
     D:2: 864 daAuts
     D:3: 842 daAuts
